 Dungeon Crawl Stone Soup version 0.25-a0-930-g9f5dfa9815 (webtiles) character file.

Game seed: 4994006131039172388, levelgen mode: classic

56 Amnesiac the Chiller (level 3, -3/24 (26) HPs)
             Began as a Ghoul Ice Elementalist on May 4, 2020.
             Was a Follower of Vehumet.
             Slain by an ice beast (5 damage)
             ... on level 1 of the Dungeon.
             The game lasted 00:03:08 (1349 turns).

Amnesiac the Chiller (Ghoul Ice Elementalist)       Turns: 1349, Time: 00:03:09

HP:   -3/24 (26)    AC:  3    Str: 11    XL:     3   Next: 95%
MP:   4/5           EV: 11    Int: 11    God:    Vehumet [*.....]
Gold: 154           SH:  0    Dex:  9    Spells: 2/6 levels left

rFire    . . .     SeeInvis .   l - +0 dagger
rCold    + . .     Gourm    .   (no shield)
rNeg     + + +     Faith    .   j - +0 leather armour (curse)
rPois    ∞         Spirit   .   (no helmet)
rElec    .         Reflect  .   (no cloak)
rCorr    .         Harm     .   (no gloves)
MR       .....                  (no boots)
Stlth    +.........             (no amulet)
HPRegen  0.00/turn              (no ring)
MPRegen  0.09/turn              (no ring)

@: rotting
A: rotting body, claws 1, carnivore, cold resistance 1, negative energy
resistance 3, inhibited regeneration, torment resistance, unbreathing
a: Renounce Religion


You were on level 1 of the Dungeon.
You worshipped Vehumet.
Vehumet was aware of your devotion.
You were not hungry.

You visited 1 branch of the dungeon, and saw 2 of its levels.

You collected 154 gold pieces.

Inventory:

Hand Weapons
 l - a +0 dagger (weapon)
Missiles
 d - 81 stones (quivered)
 m - 15 sling bullets
Armour
 a - a +0 buckler
 j - a cursed +0 leather armour (worn)
Scrolls
 e - a scroll of magic mapping {!r, unknown}
 f - 2 scrolls of teleportation {!r, unknown}
 k - 2 scrolls of identify {!r, unknown}
 n - a scroll of remove curse {!r, unknown}
Potions
 b - a potion of brilliance {!q, unknown}
 g - a potion of magic {!q, unknown}
 h - 2 potions of curing {!q, unknown}
 o - a potion of cancellation {!q, unknown}
Comestibles
 c - a ration
 i - a chunk of flesh


   Skills:
 - Level 1.7 Dodging
 - Level 2.1 Stealth
 + Level 0.9 Shields
 + Level 2.3 Spellcasting
 * Level 5.3 Ice Magic


You had 2 spell levels left.
You knew the following spells:

 Your Spells              Type           Power        Failure   Level  Hunger
a - Freeze                Ice            ##..         4%          1    ##.....
b - Frozen Ramparts       Ice            ##....       12%         3    ####...

Your spell library contained the following spells:

 Spells                   Type           Power        Failure   Level  Hunger
 Shock                    Conj/Air       #...         36%         1    ##.....
 Ozocubu's Armour         Chrm/Ice       #.......     36%         3    ####...
 Hailstorm                Conj/Ice       #.......     77%         4    #####..
 Summon Ice Beast         Ice/Summ       #.......     77%         4    #####..


Dungeon Overview and Level Annotations

Branches:
Dungeon (2/15)

Altars:
Vehumet


Innate Abilities, Weirdness & Mutations

Your body is rotting away.
You thrive on raw meat.
You are immune to poison.
You have sharp fingernails.
You are carnivorous and can eat meat at any time.
Your flesh is cold resistant. (rC+)
You are immune to negative energy. (rN+++)
You do not regenerate when monsters are visible.
You are immune to unholy pain and torment.
You can survive without breathing.


Message History

Confirm with . or Enter, or press ? or * to list all spells.
Aiming: Freeze (safe; 4% risk of failure)
Press: ? - help, Shift-Dir - straight line, f - hobgoblin
Aim: a hobgoblin (lightly wounded)
You freeze the hobgoblin.
The hobgoblin is severely wounded.
The hobgoblin barely misses you.
Casting: Freeze (safe; 4% risk of failure)
Confirm with . or Enter, or press ? or * to list all spells.
Aiming: Freeze (safe; 4% risk of failure)
Press: ? - help, Shift-Dir - straight line, f/p - hobgoblin
Aim: a hobgoblin (severely wounded)
You freeze the hobgoblin.
You kill the hobgoblin!
Vehumet accepts your kill.
Casting: Freeze (safe; 4% risk of failure)
Confirm with . or Enter, or press ? or * to list all spells.
You don't have enough magic to cast that spell.
You see here a +0 club.
You now have 143 gold pieces (gained 14).
You see here a +0 club.
You now have 154 gold pieces (gained 11).
Found a stone staircase leading down.
A giant cockroach comes into view.
Found 8 gold pieces.
Found a stone staircase leading up.
A giant cockroach is nearby!
An ice beast comes into view.
Found 9 gold pieces.
You see here a scroll labeled HEMOEPR KOURYZ {!r}.
The giant cockroach closely misses you.
Casting: Freeze (safe; 4% risk of failure)
Confirm with . or Enter, or press ? or * to list all spells.
Aiming: Freeze (safe; 4% risk of failure)
Press: ? - help, Shift-Dir - straight line, f - giant cockroach
Aim: a giant cockroach You freeze the giant cockroach.
The giant cockroach is severely wounded.
You feel your flesh rotting away. The giant cockroach bites you. x2
The giant cockroach closely misses you.
There is a stone staircase leading up here.
Casting: Freeze (safe; 4% risk of failure)
Confirm with . or Enter, or press ? or * to list all spells.
Aiming: Freeze (safe; 4% risk of failure)
Press: ? - help, Shift-Dir - straight line, f/p - giant cockroach
Aim: a giant cockroach (severely wounded)
You freeze the giant cockroach.
You kill the giant cockroach!
Vehumet accepts your kill.
You can now gain magical power from killing.
Vehumet offers you knowledge of Shock. The ice beast hits you.
The ice beast freezes you. You resist.
* * * LOW HITPOINT WARNING * * *
You climb upwards.
You feel your flesh rotting away.
There is a stone staircase leading down here.
The ice beast hits you.
* * * LOW HITPOINT WARNING * * *
The ice beast freezes you. You resist.
* * * LOW HITPOINT WARNING * * *
The ice beast hits you.
* * * LOW HITPOINT WARNING * * *
The ice beast freezes you. You resist.
You die...

................>#
...............#.#
...............#.#
...............#.#
...............#.#
......[........#.#
...............#.#
...............#Y#
##.............#@########
...............#........#
##.............#######.##
...###'####+#### #.#
........# #.# #.#
........# #.# #.#
........###.##### #.#
................# #.#
................# #>#


You could see an ice beast.

Vanquished Creatures
  An adder (D:2)
  2 worms (D:2)
  A dart slug (D:1)
  A leopard gecko (D:1)
  9 bats
  2 giant cockroaches (D:2)
  9 hobgoblins
  A kobold (D:2)
  4 frilled lizards
  3 goblins
  2 rats (D:1)
35 creatures vanquished.

Notes
Turn   | Place    | Note
-------+----------+-------------------------------------------
     0 | D:1      | Amnesiac the Ghoul Ice Elementalist began the quest for the
                  | Orb.
     0 | D:1      | Reached XP level 1. HP: 14/14 MP: 2/2
   113 | D:2      | Found a radiant altar of Vehumet.
   120 | D:2      | Became a worshipper of Vehumet
   180 | D:1      | Reached XP level 2. HP: 9/20 MP: 0/3
   653 | D:1      | Reached skill level 5 in Ice Magic
   811 | D:1      | Reached XP level 3. HP: 26/26 MP: 3/5
   829 | D:1      | Learned a level 3 spell: Frozen Ramparts
  1331 | D:2      | Noticed an ice beast
  1339 | D:2      | Reached * piety under Vehumet
  1339 | D:2      | Offered knowledge of Shock by Vehumet.
  1349 | D:1      | Slain by an ice beast

Levels and vault maps discovered:
D:1:      eino_arrival_tree_alley, layout_basic
D:2:      layout_loops_ring, vehumet_crystals, amethyst_killhole

Skill      XL: |  1  2 |
---------------+-------+-----
Spellcasting   | 2 |  2.3
Ice Magic      | 5 |  5.3
Dodging        | |  1.7
Stealth        | |  2.1
Shields        | |  0.9

Action                   || total
-------------------------++-------
Melee: Unarmed           ||    23
       Dagger            ||     7
 Cast: Freeze            ||    48
       Frozen Ramparts   ||     2
  Eat: Chunk             ||     8
Armor: Robe              ||    15
       Leather armour    ||    13
Dodge: Dodged            ||    76

Table legend:
 A = Non-vault XP
 B = Vault XP
 C = Vault XP percentage of total XP
 D = Non-vault monster count
 E = Vault monster count
 F = Vault count percentage of total count
                 A         B        C        D         E       F
            +---------+---------+-------+---------+---------+-------
      Total |      80 |       0 |   0.0 |      35 |       0 |   0.0
            +---------+---------+-------+---------+---------+-------
        D:1 |      33 |       0 |   0.0 |      18 |       0 |   0.0
        D:2 |      47 |       0 |   0.0 |      17 |       0 |   0.0
            +---------+---------+-------+---------+---------+-------
